 Dungeon Crawl Stone Soup version 0.26-a0-466-g989023bd0d (webtiles) character file.

Game seed: 9018544699508881698

3726 Lanoc the Frost Mage (level 9, 0/74 HPs)
             Began as a Troll Ice Elementalist on Aug 5, 2020.
             Was a Believer of Cheibriados.
             Shot with a sling bullet by Joseph (6 damage)
             ... on level 8 of the Dungeon on Aug 6, 2020.
             The game lasted 00:12:09 (5604 turns).

Lanoc the Frost Mage (Troll Ice Elementalist)       Turns: 5604, Time: 00:12:10

Health: 0/74       AC: 10    Str: 23    XL:     9   Next: 92%
Magic:  9/9        EV: 14    Int: 19    God:    Cheibriados [**....]
Gold:   393        SH:  0    Dex: 15    Spells: 3/10 levels left

rFire    x . .     SeeInvis .   (no weapon)
rCold    + . .     Faith    .   (no shield)
rNeg     . . .     Spirit   .   a - +0 robe
rPois    .         Reflect  .   (helmet restricted)
rElec    .         Harm     .   (no cloak)
rCorr    .                      (gloves unavailable)
MR       .....                  (boots unavailable)
Stlth    ++........             (no amulet)
HPRegen  0.62/turn              o - +4 ring of protection
MPRegen  0.11/turn              s - ring of ice

@: very slow
A: large, unfitting armour, claws 3, regeneration 1, shaggy fur 1, tough skin 3
a: Bend Time, Renounce Religion


You were on level 8 of the Dungeon.
You worshipped Cheibriados.
Cheibriados was pleased with you.
You visited 2 branches of the dungeon, and saw 9 of its levels.
You also visited: Sewer.

You collected 393 gold pieces.

Inventory:

Armour
 a - a +0 robe (worn)
Jewellery
 o - a +4 ring of protection (left claw)
 s - a ring of ice (right claw)
 v - a +4 ring of evasion
Wands
 b - a wand of digging (4)
 j - a wand of enslavement (12)
 u - a wand of polymorph (8)
Scrolls
 c - 8 scrolls of remove curse {unknown}
 f - 6 scrolls of immolation {unknown}
 h - 3 scrolls of enchant armour {unknown}
 i - 12 scrolls of identify
 r - a scroll of fog {unknown}
 t - 7 scrolls of teleportation {unknown}
 x - a scroll of amnesia {unknown}
Potions
 d - a potion of stabbing {unknown}
 e - 2 potions of magic {unknown}
 g - 2 potions of lignification {unknown}
 k - 2 potions of haste
 l - a potion of might {unknown}
 m - a potion of invisibility {unknown}
 n - 6 potions of curing
 p - 7 potions of flight
 q - a potion of ambrosia {unknown}
 w - 2 potions of brilliance {unknown}
 z - a potion of heal wounds


   Skills:
 + Level 7.1 Dodging
 - Level 1.0 Stealth
 - Level 1.2 Spellcasting
 * Level 9.5 Ice Magic


You had 3 spell levels left.
You knew the following spells:

 Your Spells              Type           Power        Failure   Level
a - Freeze                Ice            ####         1%          1
b - Frozen Ramparts       Ice            ######       1%          3
c - Ozocubu's Armour      Ice            ######..     1%          3

Your spell library contained the following spells:

 Spells                   Type           Power        Failure   Level
 Corona                   Hex            #......      19%         1
 Foxfire                  Conj/Fire      #...         19%         1
 Magic Dart               Conj           #...         19%         1
 Blink                    Tloc           N/A          28%         2
 Call Imp                 Summ           #.......     28%         2
 Corpse Rot               Necr/Air       N/A          28%         2
 Slow                     Hex            #.......     28%         2
 Conjure Flame            Conj/Fire      #.......     50%         3
 Inner Flame              Hex/Fire       #.......     50%         3
 Mephitic Cloud           Conj/Pois/Air  #.......     50%         3
 Portal Projectile        Hex/Tloc       #.....       50%         3
 Hailstorm                Conj/Ice       ####....     26%         4
 Summon Ice Beast         Ice/Summ       ####....     26%         4
 Airstrike                Air            #.........   88%         4
 Cause Fear               Hex            #.........   88%         4
 Dispel Undead            Necr           #.......     88%         4
 Leda's Liquefaction      Hex/Erth       #.........   88%         4
 Sticky Flame             Conj/Fire      #.......     88%         4
 Borgnjor's Vile Clutch   Necr/Erth      #.........   99%         5
 Fireball                 Conj/Fire      #.........   99%         5
 Silence                  Hex/Air        #.........   99%         5


Dungeon Overview and Level Annotations

Branches:
Dungeon (8/15)             Temple (1/1) D:5           Sewer (visited)
   Lair: D:8-11

Altars:
Ashenzari
Cheibriados
Dithmenos
Elyvilon
Gozag
Hepliaklqana
Kikubaaqudgha
Makhleb
Nemelex Xobeh
Okawaru
Qazlal
Ru
Sif Muna
Trog
Uskayaw
Vehumet
Xom
Yredelemnul
Zin
The Shining One
Lugonu

Shops:
D:4 }   D:5 [

Annotations:
D:8 Joseph


Innate Abilities, Weirdness & Mutations

You are too large for most types of armour.
You have claws for hands.
Your natural rate of healing is unusually fast.
You are covered in fur. (AC +1)
You have extremely tough skin. (AC +3)


Message History

Joseph, a Mercenary comes into view.
He is wielding a +2 quarterstaff of draining.
Joseph shouts!
Joseph unwields a +2 quarterstaff of draining.
Joseph wields a +0 hunting sling.
Joseph shoots a sling bullet.
The sling bullet hits you!
Found 12 stones and a great sword.
You see here a sling bullet.
Joseph drinks a potion.
Joseph seems to speed up.
Found 16 stones.
Joseph shoots a sling bullet.
The sling bullet hits you!!
Joseph shoots a sling bullet.
The sling bullet hits you!
Joseph shoots a sling bullet.
The sling bullet hits you!
* * * LOW HITPOINT WARNING * * *
Found 11 stones.
You see here 2 sling bullets.
Found 25 stones.
Joseph shoots a sling bullet.
The sling bullet hits you!
* * * LOW HITPOINT WARNING * * *
Joseph shoots a sling bullet.
The sling bullet hits you.
You die...

......... ......(...
......... .).(.....#
#####.### #...(......##
###.### ...(........
....... ). #(........
....... ... #...#...#
#.####. ...##..@##..#
####. .......)...@#
+.... ............#
#.... .........(..#
####. ............### #.
..##..(......# +..
#.........# #..
#####..########### ###
#..##..###..##...#######
#......#.....'.........'


You could see Joseph (fast).

Vanquished Creatures
  Harold (D:8)
  Grinder (D:3)
  A hippogriff (D:8)
  A steam dragon (D:7)
  Menkaure (D:5)
  Duvessa (D:5)
  3 sky beasts
  2 black bears (D:7)
  3 orc warriors
  2 ogres
  A phantom (D:8)
  A centaur (D:7)
  A big kobold (Sewer)
  A bullfrog (D:7)
  Dowan (D:5)
  2 howler monkeys
  4 hounds
  8 orc priests
  6 orc wizards
  2 bullfrog skeletons
  An iguana (D:8)
  3 worker ants
  A killer bee zombie (D:7)
  2 hound zombies (D:7)
  A worker ant zombie (D:8)
  Robin (D:2)
  3 adders
  4 gnolls (D:2)
  2 river rats (Sewer)
  A shadow imp (D:7)
  3 white imps
  2 ufetubi
  2 oozes
  An adder zombie (D:7)
  An adder skeleton (D:6)
  4 worms
  A dart slug (D:2)
  A leopard gecko (D:4)
  22 orcs
  2 ball pythons
  7 giant cockroaches
  15 goblins
  6 hobgoblins
  A jackal (Sewer)
  10 kobolds
  5 quokkas
  8 bats
  6 frilled lizards
  2 gnoll zombies (D:3)
  8 rats
169 creatures vanquished.

Notes
Turn   | Place    | Note
-------+----------+-------------------------------------------
     0 | D:1      | Lanoc the Troll Ice Elementalist began the quest for the
                  | Orb.
     0 | D:1      | Reached XP level 1. HP: 16/16 MP: 1/1
    15 | D:1      | Reached skill level 3 in Ice Magic
   183 | D:1      | Reached XP level 2. HP: 24/24 MP: 2/2
   449 | D:2      | Reached XP level 3. HP: 31/31 MP: 3/3
   539 | D:2      | Learned a level 3 spell: Frozen Ramparts
   600 | D:2      | Reached XP level 4. HP: 25/39 MP: 0/4
   617 | D:2      | Reached skill level 4 in Ice Magic
   619 | D:2      | Noticed Robin
   651 | D:2      | Killed Robin
  1026 | D:3      | Found a sacrificial altar of Ru.
  1036 | D:3      | Noticed Grinder
  1047 | D:3      | Paralysed by Grinder for 6 turns
  1338 | D:3      | Reached XP level 5. HP: 45/45 MP: 5/5
  1529 | D:3      | Found a basalt altar of Yredelemnul.
  1589 | D:3      | Paralysed by Grinder for 2 turns
  1605 | D:3      | Paralysed by Grinder for 4 turns
  1624 | D:3      | Paralysed by Grinder for 5 turns
  1636 | D:3      | Killed Grinder
  1636 | D:3      | Reached skill level 5 in Ice Magic
  1636 | D:3      | Reached XP level 6. HP: 37/53 MP: 3/6
  1874 | D:4      | Found Tuebusih's Gadget Boutique.
  1906 | D:4      | Reached XP level 7. HP: 55/59 MP: 2/7
  2180 | D:5      | Entered Level 5 of the Dungeon
  2199 | D:5      | Noticed Dowan
  2200 | D:5      | Noticed Duvessa
  2207 | D:5      | Killed Duvessa
  2215 | D:5      | Killed Dowan
  2278 | D:5      | Found a staircase to the Ecumenical Temple.
  2306 | D:5      | Reached skill level 6 in Ice Magic
  2394 | D:5      | Found a glowing drain.
  2408 | Sewer    | Entered a sewer
  2540 | Sewer    | Found a white marble altar of Elyvilon.
  2625 | D:5      | Found Cadiadd's Antique Armour Boutique.
  2709 | Temple   | Entered the Ecumenical Temple
  2729 | Temple   | Became a worshipper of Cheibriados the Contemplative
  2857 | D:5      | Learned a level 3 spell: Ozocubu's Armour
  2944 | D:5      | Found a burning altar of Makhleb.
  2965 | D:5      | Noticed Menkaure
  2974 | D:5      | Killed Menkaure
  2974 | D:5      | Reached XP level 8. HP: 51/67 MP: 4/8
  3012 | D:5      | Found an iron altar of Okawaru.
  3021 | D:5      | Found a shimmering blue altar of Sif Muna.
  3037 | D:5      | Found a white marble altar of Elyvilon.
  3040 | D:5      | Found a hazy altar of Hepliaklqana.
  3121 | D:5      | Found a shattered altar of Ashenzari.
  3385 | D:6      | Reached skill level 5 in Dodging
  3388 | D:6      | Reached skill level 7 in Ice Magic
  3475 | D:6      | Identified the Papyrus of Sinister Arts and the Birds
  3565 | D:6      | Reached * piety under Cheibriados
  3876 | D:6      | Found a shimmering altar of Xom.
  3876 | D:6      | Found a hide-covered altar of Uskayaw.
  4032 | D:6      | Found a sparkling altar of Nemelex Xobeh.
  4498 | D:7      | Reached ** piety under Cheibriados
  4498 | D:7      | Reached skill level 8 in Ice Magic
  4498 | D:7      | Reached XP level 9. HP: 69/74 MP: 5/9
  4750 | D:7      | Found a bloodstained altar of Trog.
  5088 | D:8      | Found an ancient bone altar of Kikubaaqudgha.
  5099 | D:8      | Noticed Harold
  5118 | D:8      | Killed Harold
  5118 | D:8      | Reached skill level 9 in Ice Magic
  5600 | D:8      | Noticed Joseph
  5604 | D:8      | Shot with a sling bullet by Joseph

Illustrated notes

Levels and vault maps discovered:
D:1:      dpeg_arrival_chambers_temple_mockup, layout_basic
D:2:      layout_basic, minivault_11, uniq_robin
D:3:      layout_rooms, lemuel_zombie_altar_yredelemnul, lemuel_doored_altar,
          uniq_grinder
D:4:      layout_cave_pools, serial_shops, nicolae_shop_behind_doors
D:5:      layout_gridville, grunt_temple_overflow_open, kennysheep_little_box,
          nicolae_overflow_hidden_temple, okawaru_gym_becter,
          minmay_temple_entry_proselytizer, serial_shops, shop_fountains,
          portal_sewer_entry_d, uniq_menkaure, uniq_duvessa
D:6:      layout_loops_ring, chequers_temple_overflow_statue_of_worship,
          kennysheep_mini_moat
D:7:      layout_loops_ring, trog_ov_bears_minmay
D:8:      layout_gridville, lemuel_crystal_altar, special_room
          [special_room_orc], minmay_sticks_and_stones, uniq_harold
Temple:   corrupted_temple

Skill      XL: |  1  2  3  4  5  6  7  8  9 |
---------------+----------------------------+-----
Ice Magic      | 3 4 5 6 8 9 |  9.5
Dodging        | 2 3 4 5 7 |  7.1
Stealth        | |  1.0
Spellcasting   | |  1.2

Action                   |  1- 3 |  4- 6 |  7- 9 || total
-------------------------+-------+-------+-------++-------
Melee: Unarmed           |   107 |   193 |   318 ||   618
 Cast: Frozen Ramparts   |     1 |     6 |    30 ||    37
       Freeze            |     1 |     1 |       ||     2
  Use: Potion            |       |     3 |     2 ||     5
       Scroll            |       |       |     4 ||     4
 Stab: Sleeping          |     1 |       |     3 ||     4
Armor: Robe              |    33 |    88 |   137 ||   258
Dodge: Dodged            |    73 |   113 |   217 ||   403

Table legend: (Time is in decaauts)
 A = Elapsed time spent in this place.
 B = Non-inter-level travel time spent in this place.
 C = Inter-level travel time spent in this place.
 D = Time resting spent in this place.
 E = Time spent auto-exploring this place.
 F = Levels seen in this place.
 G = Mean time per level.
                   A        B        C        D        E       F      G
               +--------+--------+--------+--------+--------+-----+--------+
         Total |   6350 |   6130 |    220 |      0 |   4627 |  10 |  635.0 |
       Dungeon |   6116 |   5912 |    204 |      0 |   4474 |   8 |  764.5 |
        Temple |     37 |     21 |     16 |      0 |      0 |   1 |   37.0 |
         Sewer |    196 |    196 |      0 |      0 |    153 |   1 |  196.0 |
               +--------+--------+--------+--------+--------+-----+--------+

Top non-repeatable levels by time:
     D:7: 1148 daAuts
     D:5: 1127 daAuts
     D:6: 941 daAuts
     D:2: 810 daAuts
     D:8: 711 daAuts
     D:3: 629 daAuts
     D:4: 516 daAuts
     D:1: 232 daAuts
   Sewer: 196 daAuts
  Temple: 37 daAuts
